 Dungeon Crawl Stone Soup version 0.29-a0-993-g4a18f31a58 (webtiles) character file.

Game seed: 6519230053566840151

402 vurker the Insei (level 6, 0/32 HPs)
             Began as a Vine Stalker Enchanter on Aug 2, 2022.
             Slain by an orc
             ... wielding a +1 flail of holy wrath
              (4 damage)
             ... on level 4 of the Dungeon.
             The game lasted 00:04:06 (3595 turns).

vurker the Insei (Vine Stalker Enchanter)           Turns: 3595, Time: 00:04:08

Health: 0/32       AC:  6    Str: 13    XL:     6   Next: 85%
Magic:  0/10       EV:  9    Int: 15    God:
Gold:   195        SH:  7    Dex: 14    Spells: 9/9 levels left

rFire   . . .      SeeInvis .   g - +1 dagger (freeze)
rCold   . . .      Faith    .   t - +0 kite shield
rNeg    . . .      Spirit   +   i - +0 ring mail
rPois   .          Reflect  .   (no helmet)
rElec   .          Harm     .   (no cloak)
rCorr   .          Rampage  .   (no gloves)
Will    .....                   h - +0 pair of boots
Stlth   ++........              (no amulet)
HPRegen 0.90/turn               (no ring)
MPRegen 0.12/turn               (no ring)

@: no status effects
A: fangs 2, regeneration 1, magic shield, antimagic bite, no potion heal 2
a: no special abilities


You were on level 4 of the Dungeon.
You visited 1 branch of the dungeon, and saw 4 of its levels.

You collected 195 gold pieces.

Inventory:

Hand Weapons
 g - a +1 dagger of freezing (weapon)
   (You took it off a goblin on level 1 of the Dungeon)
Armour
 h - a +0 pair of boots (worn)
   (You found it on level 1 of the Dungeon)
 i - a +0 ring mail (worn)
   (You found it on level 1 of the Dungeon)
 t - a +0 kite shield (worn)
   (You found it on level 3 of the Dungeon)
Wands
 u - a wand of paralysis (9)
   (You found it on level 2 of the Dungeon)
Scrolls
 b - 2 scrolls of immolation {unknown}
 f - a scroll of identify {unknown}
 j - a scroll of blinking {unknown}
 k - a scroll of torment {unknown}
 o - 2 scrolls of enchant armour {unknown}
 p - 2 scrolls of enchant weapon {unknown}
 r - a scroll of fog {unknown}
 v - a scroll of teleportation {unknown}
Potions
 a - 2 potions of cancellation {unknown}
 c - 3 potions of invisibility
 d - a potion of resistance {unknown}
 e - 2 potions of flight {unknown}
 l - a potion of curing {unknown}
 m - 2 potions of lignification {unknown}
 n - a potion of heal wounds {unknown}
 q - a potion of degeneration {unknown}
 s - a potion of attraction {unknown}


   Skills:
 + Level 2.4 Fighting
 - Level 0.8 Short Blades
 + Level 2.1 Armour
 + Level 2.9 Dodging
 - Level 3.6 Stealth
 + Level 1.0 Shields
 * Level 3.9 Unarmed Combat
 - Level 2.1 Spellcasting
 - Level 3.0 Hexes


You had 9 spell levels left.
You didn't know any spells.
Your spell library contained the following spells:

 Spells                   Type           Power      Damage    Failure   Level
 Ensorcelled Hibernation  Hex/Ice        12%        N/A       78%         2
 Confusing Touch          Hex            10%        N/A       80%         3
 Tukima's Dance           Hex            10%        N/A       80%         3
 Dazzling Flash           Conj/Hex       12%        N/A       95%         3
 Fulminant Prism          Conj/Hex       3%         3d6       100%        4
 Iskenderun's Mystic Bla  Conj/Tloc      1%         2d3       100%        4
 Lee's Rapid Deconstruct  Erth           0%         3d5*      100%        5


Dungeon Overview and Level Annotations

Branches:
Dungeon (4/15)
 Temple: D:4-7

Altars:
Gozag
Wu Jian


Innate Abilities, Weirdness & Mutations

You have extremely sharp teeth.
Your natural rate of healing is unusually fast.
When hurt, damage is shared between your health and your magic reserves.
Your bite disrupts and absorbs the magic of your enemies.
Potions cannot restore your health.


Message History

The orc barely misses you.
You bump into the rock wall.
The orc wizard hits you but does no damage.
The orc hits you with a +1 flail of holy wrath.
The orc wizard hits you but does no damage.
The orc wizard attacks as you move away!
The orc wizard hits you with a +0 dagger.
The orc wizard's magic is no longer disrupted.
You hit the orc wizard but do no damage.
Your bite misses the orc wizard. The orc wizard misses you.
The orc hits you with a +1 flail of holy wrath.
You barely miss the orc. Your bite misses the orc.
The orc wizard barely misses you. The orc hits you but does no damage.
The orc barely misses you.
The orc wizard points at you and mumbles some strange words.
You are more confused.
The orc barely misses you. The orc misses you.
You hit the orc. You freeze the orc. Your bite misses the orc.
The orc wizard hits you with a +0 dagger.
The orc hits you with a +0 hand axe.
The orc hits you with a +1 flail of holy wrath.
You're too confused to move!
The orc wizard casts a spell.
The orc wizard flickers and vanishes!
Deactivating autopickup; reactivate with Ctrl-A.
The orc hits you with a +0 hand axe.
The orc hits you with a +1 flail of holy wrath.
You barely miss something. Your bite misses something.
Something hits you but does no damage. The orc hits you but does no damage.
The orc hits you with a +1 flail of holy wrath!
* * * LOW HITPOINT WARNING * * *
The orc attacks as you move away! The orc barely misses you.
Something hits you but does no damage. The orc hits you but does no damage.
Something hits you but does no damage. The orc attacks as you move away!
The orc hits you with a +0 hand axe.
* * * LOW HITPOINT WARNING * * *
You're too confused to move!
The orc barely misses you.
You hear some strange, mumbled words.
A puff of flame appears from out of thin air!
The puff of flame hits you!
* * * LOW HITPOINT WARNING * * *
The orc hits you with a +0 hand axe.
* * * LOW HITPOINT WARNING * * *
You feel less confused.
The orc throws a boomerang.
You block the boomerang. The orc attacks as you move away!
The orc hits you with a +1 flail of holy wrath.
You die...

.............#
.............#####
.....>........†...
............######
......... ............#
........########........#
........##..............#
........##............###
........##...@........#
......o.#...o......####
........#...o......########
........)..................
....?............##########
.................#
.................#
.................#
.........#####...#


You could see 2 orcs.

Vanquished Creatures
  2 necrophages (D:4)
  A scorpion (D:4)
  A hound (D:3)
  Jessica (D:3)
  An orc wizard (D:3)
  5 adders
  3 worms
  2 dart slugs
  10 orcs
  4 bats
  6 endoplasms
  6 goblins
  6 hobgoblins
  8 jackals
  3 quokkas
  8 ball pythons
  4 frilled lizards (D:1)
  3 kobolds
  5 rats
79 creatures vanquished.

Notes
Turn   | Place    | Note
-------+----------+-------------------------------------------
     0 | D:1      | vurker the Vine Stalker Enchanter began the quest for the
                  | Orb.
     0 | D:1      | Reached XP level 1. HP: 9/9 MP: 4/4
   280 | D:1      | Reached XP level 2. HP: 14/14 MP: 6/6
   298 | D:1      | Reached skill level 1 in Unarmed Combat
   755 | D:1      | Reached XP level 3. HP: 13/17 MP: 4/7
  1264 | D:2      | Reached skill level 1 in Fighting
  1456 | D:2      | Found an opulent altar of Gozag.
  1588 | D:2      | Reached skill level 1 in Armour
  1655 | D:2      | Gained mutation: Your natural rate of healing is unusually
                  | fast. [Vine Stalker growth]
  1655 | D:2      | Reached XP level 4. HP: 22/22 MP: 8/8
  2188 | D:3      | Found a faded altar of an unknown god.
  2440 | D:3      | Reached XP level 5. HP: 25/25 MP: 9/9
  2514 | D:3      | Noticed Jessica
  2524 | D:3      | Killed Jessica
  3149 | D:3      | Found an ornate altar of the Wu Jian Council.
  3457 | D:4      | Reached XP level 6. HP: 22/30 MP: 8/10
  3554 | D:4      | Reached skill level 1 in Shields
  3595 | D:4      | Slain by an orc

Illustrated notes

Levels and vault maps discovered:
D:1:      wander_arrival_peaceful_grave, layout_loops_cross,
          minmay_misc_feat_roman, serial_park_tiny_1
D:2:      layout_basic, basic_altar
D:3:      layout_basic, pdpol_wu_jian_five_deadly_venoms,
          shapermc_ecumenical_altar_totnotflames, amcnicky_mini_pool_small,
          chequers_serial_rivers_large_a, st_stairs_5, minmay_crystal_room,
          minmay_misc_feat_doors, minmay_starry_boxes, uniq_jessica
D:4:      layout_basic, uniq_grinder, uniq_natasha, uniq_blork_the_orc

Skill      XL: |  1  2  3  4  5  6 |
---------------+-------------------+-----
Unarmed Combat | 1 2 3 |  3.9
Fighting       | 1 2 |  2.4
Dodging        | 2 |  2.9
Armour         | 1 2 |  2.1
Shields        | 1 |  1.0
Short Blades   | |  0.8
Stealth        | |  3.6
Spellcasting   | |  2.1
Hexes          | |  3.0

Action                   |  1- 3 |  4- 6 || total
-------------------------+-------+-------++-------
Melee: Dagger            |    86 |   216 ||   302
       Bite              |    14 |    61 ||    75
       Punch             |       |     1 ||     1
 Stab: Sleeping          |     9 |     2 ||    11
       Distracted        |       |     1 ||     1
Armor: Robe              |    14 |       ||    14
       Ring mail         |     7 |    71 ||    78
Dodge: Dodged            |    36 |    93 ||   129
Block: Kite shield       |       |    36 ||    36

Table legend: (Time is in decaauts)
 A = Elapsed time spent in this place.
 B = Non-inter-level travel time spent in this place.
 C = Inter-level travel time spent in this place.
 D = Time resting spent in this place.
 E = Time spent auto-exploring this place.
 F = Levels seen in this place.
 G = Mean time per level.
                   A        B        C        D        E       F      G
               +--------+--------+--------+--------+--------+-----+--------+
         Total |   3611 |   3471 |    140 |      0 |   2772 |   4 |  902.8 |
       Dungeon |   3611 |   3471 |    140 |      0 |   2772 |   4 |  902.8 |
               +--------+--------+--------+--------+--------+-----+--------+

Top non-repeatable levels by time:
     D:3: 1316 daAuts
     D:1: 1065 daAuts
     D:2: 1039 daAuts
     D:4: 190 daAuts
